 Dungeon Crawl Stone Soup version 0.30-a0-561-g1b0378597e (webtiles) character file.

Game seed: 6492187912081072384

525 HessuHobo the Covered (level 7, -3/44 HPs)
             Began as a Gargoyle Fighter on Dec 28, 2022.
             Was a Follower of Zin.
             Slain by an ogre
             ... wielding a +0 giant club
              (8 damage)
             ... on level 5 of the Dungeon.
             The game lasted 00:06:10 (3642 turns).

HessuHobo the Covered (Gargoyle Fighter)            Turns: 3642, Time: 00:06:11

Health: -3/44      AC: 16    Str: 21    XL:     7   Next: 23%
Magic:  7/7        EV:  9    Int:  9    God:    Zin [*.....]
Gold:   147        SH:  4    Dex:  9    Spells: 6/6 levels left

rFire   . . .      SeeInvis .    u - +0 morningstar
rCold   + + .      Faith    .    c - +0 buckler
rNeg    + . .      Spirit   .    m - +1 scale mail of Distant Shores {rC++}
rPois   ∞          Reflect  .    j - +0 helmet
rElec   +          Harm     .    p - +0 cloak
rCorr   .          Rampage  .    (no gloves)
Will    .....                    g - +0 pair of boots Stlth
                                 (no amulet)
HPRegen 0.27/turn                (no ring)
MPRegen 0.10/turn                (no ring)

@: mighty
A: sickness immunity, AC +4, negative energy resistance 1, electricity
resistance, torment resistance 1, petrification resistance
a: Renounce Religion, Recite, Donate Gold


You were on level 5 of the Dungeon.
You worshipped Zin.
Zin was aware of your devotion.
You visited 2 branches of the dungeon, and saw 6 of its levels.

You collected 163 gold pieces.
You donated 16 gold pieces to Zin.

Inventory:

Hand Weapons
 u - a +0 morningstar (weapon)
Armour
 c - a +0 buckler (worn)
 g - a +0 pair of boots (worn)
 j - a +0 helmet (worn)
 m - the +1 scale mail of Distant Shores (worn) {rC++}
   (You found it on level 2 of the Dungeon)

   rC:        It greatly protects you from cold.
 p - a +0 cloak (worn)
Wands
 s - a wand of roots (4)
Scrolls
 e - a scroll of fear {unknown}
 i - a scroll of enchant weapon {unknown}
 l - a scroll of vulnerability {unknown}
 n - a scroll of torment {unknown}
 o - a scroll of magic mapping
 t - a scroll of enchant armour {unknown}
Potions
 a - a potion of brilliance {unknown}
 b - a potion of attraction {unknown}
 f - 4 potions of heal wounds
 h - a potion of curing
 k - a potion of mutation {unknown}
 q - a potion of magic {unknown}
 r - 2 potions of lignification {unknown}


   Skills:
 + Level 5.3 Fighting
 + Level 4.3 Maces & Flails
 + Level 5.3 Armour
 + Level 4.8 Shields


You had 6 spell levels left.
You didn't know any spells.
Your spell library contained the following spells:

 Spells                   Type           Power      Damage    Failure   Level
 Poisonous Vapours        Pois/Air       0%         N/A       90%         2
 Gell's Gravitas          Tloc           0%         N/A       99%         3
 Lesser Beckoning         Tloc           0%         N/A       99%         3
 Mephitic Cloud           Conj/Pois/Air  0%         N/A       99%         3
 Teleport Other           Tloc           0%         N/A       99%         3
 Cigotuvi's Dreadful Rot  Necr/Pois/Air  Unusable   N/A       N/A         2

Dungeon Overview and Level Annotations

Branches:
Dungeon (5/15)             Temple (1/1) D:4

Altars:
Cheibriados
Dithmenos
Elyvilon
Fedhas
Gozag
Hepliaklqana
Kikubaaqudgha
Makhleb
Nemelex Xobeh
Okawaru
Qazlal
Ru
Sif Muna
Trog
Uskayaw
Vehumet
Wu Jian
Yredelemnul
Zin
The Shining One

Annotations:
D:3 3 runed translucent doors, Heedrag's ghost, amateur DsCj


Innate Abilities, Weirdness & Mutations

You are immune to sickness and miasma.
Your stone body is resilient. (AC +4)
You are immune to poison.
You resist negative energy. (rN+)
You are resistant to electric shocks. (rElec)
You are resistant to unholy torment.
You are immune to petrification.


Message History

An orc comes into view. It is wielding a +0 flail.
Found 21 gold pieces and a silver ring.
The orc shouts!
You hear a shout!
An ogre comes into view. It is wielding a +0 giant club.
An orc priest comes into view. It is wielding a +0 hand axe.
An orc priest comes into view. It is wielding a +0 short sword.
The orc priest shouts! x2; The ogre shouts!
An orc wizard comes into view. It is wielding a +0 dagger.
An orc comes into view. It is wielding a +0 dagger.
The orc shouts!
The orc wizard points at you and mumbles some strange words.
You are confused.
The ogre attacks as you move away! The ogre hits you but does no damage.
You bump into the rock wall.
The orc barely misses you.
The orc priest hits you but does no damage.
You're too confused to move!
The ogre closely misses you.
The orc wizard gestures wildly while chanting.
The orc wizard flickers and vanishes!
Deactivating autopickup; reactivate with Ctrl-A.
The orc priest hits you but does no damage.
The orc hits you with a +0 flail.
You feel better. The ogre hits you with a +0 giant club!
The orc priest invokes the aid of Beogh against you.
Pain shoots through your body! The orc hits you but does no damage.
The orc priest closely misses you.
You feel very mighty all of a sudden. The orc hits you with a +0 flail.
The orc priest hits you with a +0 hand axe.
The orc priest misses you.
You puncture the ogre!
The ogre is heavily wounded.
The ogre hits you with a +0 giant club!
* * * LOW HITPOINT WARNING * * *
The orc priest hits you but does no damage. x2
You sock the ogre!
The ogre is almost dead.
You block the orc priest's attack.
The orc priest hits you but does no damage.
The ogre hits you with a +0 giant club!
You die...

#..#..#
#.#.....#
#.#.#...######
#.#....>.....#
#.####..####.#
#######.#.....#
..............#
........o.#####
.......oO@.#
........o..#
.........o.#
.........$.#
...........#
......=....#
##########.# .#
.#


You could see an ogre, 2 orc priests and 2 orcs.

Vanquished Creatures
  A scorpion (D:4)
  2 hounds (D:4)
  3 iguanas
  An orc wizard (D:4)
  Natasha (thrice) (D:4)
  Robin (D:3)
  13 adders
  A gnoll (D:4)
  3 worms
  2 dart slugs
  5 orcs
  2 bats
  14 endoplasms
  2 giant cockroaches
  10 hobgoblins
  2 jackals (D:1)
  3 quokkas
  3 ball pythons
  3 frilled lizards
  9 goblins
  5 kobolds
  A rat (D:2)
89 creatures vanquished.

Vanquished Creatures (others)
  7 plants (D:4)
7 creatures vanquished.

Grand Total: 96 creatures vanquished

Notes
Turn   | Place    | Note
-------+----------+-------------------------------------------
     0 | D:1      | HessuHobo the Gargoyle Fighter began the quest for the Orb.
     0 | D:1      | Reached XP level 1. HP: 14/14 MP: 1/1
   385 | D:1      | Reached XP level 2. HP: 19/19 MP: 2/2
   717 | D:2      | Identified the +1 scale mail of Distant Shores {rC++}
   729 | D:2      | Reached XP level 3. HP: 24/24 MP: 3/3
  1002 | D:2      | Reached XP level 4. HP: 28/29 MP: 4/4
  1336 | D:3      | Found a runed translucent gate.
  1336 | D:3      | Found a runed translucent gate.
  1336 | D:3      | Found a runed translucent gate.
  1603 | D:3      | Noticed Heedrag's ghost (amateur DsCj)
  1609 | D:3      | Noticed Robin
  1649 | D:3      | Killed Robin
  1650 | D:3      | Reached XP level 5. HP: 20/33 MP: 5/5
  1754 | D:3      | Identified the +7 dagger of the Coin {freeze, rC+ rN+ Int+3
                  | Stlth+}
  2105 | D:4      | Noticed Natasha
  2277 | D:4      | Killed Natasha
  2402 | D:4      | Noticed Natasha
  2419 | D:4      | Killed Natasha
  2420 | D:4      | Reached XP level 6. HP: 39/39 MP: 6/6
  2431 | D:4      | Found a staircase to the Ecumenical Temple.
  2462 | Temple   | Entered the Ecumenical Temple
  2534 | Temple   | Became a worshipper of Zin the Law-Giver
  2534 | Temple   | Reached * piety under Zin
  2601 | D:4      | Noticed Natasha
  2634 | D:4      | Killed Natasha
  2973 | D:4      | Reached skill level 5 in Fighting
  2973 | D:4      | Reached skill level 5 in Armour
  3059 | D:4      | Reached XP level 7. HP: 43/44 MP: 7/7
  3584 | D:5      | Entered Level 5 of the Dungeon
  3642 | D:5      | Slain by an ogre

Illustrated notes

Levels and vault maps discovered:
D:1:      giann_forest_graveyard, layout_basic
D:2:      layout_rooms
D:3:      layout_loops_ring, gammafunk_ghost_split, uniq_robin
D:4:      minmay_razor_zed, layout_rooms, minmay_temple_entry_ruins,
          serial_bayou_ford_a, uniq_natasha
D:5:      layout_basic, uniq_menkaure
Temple:   compressed_dpeg_triangle_lava_temple

Skill      XL: |  1  2  3  4  5  6 |
---------------+-------------------+-----
Fighting       | 4 5 |  5.3
Armour         | 4 5 |  5.3
Maces & Flails | 3 4 |  4.3
Shields        | 4 |  4.8

Action                   |  1- 3 |  4- 6 |  7- 9 || total
-------------------------+-------+-------+-------++-------
Melee: Flail             |   124 |   256 |    41 ||   421
       Morningstar       |       |       |     9 ||     9
  Use: Scroll            |       |     3 |       ||     3
       Potion            |       |     1 |     2 ||     3
Armor: Scale mail        |    82 |   218 |    39 ||   339
       Skin              |     1 |       |       ||     1
Dodge: Dodged            |    79 |   149 |    36 ||   264
Block: Buckler           |    28 |    61 |    12 ||   101

Table legend: (Time is in decaauts)
 A = Elapsed time spent in this place.
 B = Non-inter-level travel time spent in this place.
 C = Inter-level travel time spent in this place.
 D = Time resting spent in this place.
 E = Time spent auto-exploring this place.
 F = Levels seen in this place.
 G = Mean time per level.
                   A        B        C        D        E       F      G
               +--------+--------+--------+--------+--------+-----+--------+
         Total |   3790 |   3680 |    110 |   1148 |   1526 |   6 |  631.7 |
       Dungeon |   3712 |   3602 |    110 |   1148 |   1474 |   5 |  742.4 |
        Temple |     78 |     78 |      0 |      0 |     52 |   1 |   78.0 |
               +--------+--------+--------+--------+--------+-----+--------+

Top non-repeatable levels by time:
     D:4: 1414 daAuts
     D:3: 870 daAuts
     D:1: 786 daAuts
     D:2: 581 daAuts
  Temple: 78 daAuts
     D:5: 60 daAuts
